 Dungeon Crawl Stone Soup version 0.30.0-13-g156ef70053 (webtiles) character file.

Game seed: 7465717653837975034

15823 jasper the Severer (level 12, -3/92 HPs)
             Began as a Demonspawn Cinder Acolyte on May 17, 2023.
             Was a Believer of Ignis.
             Slain by a rust devil (10 damage)
             ... in a Gauntlet.
             The game lasted 00:12:46 (9182 turns).

jasper the Severer (Demonspawn Cinder Acolyte)      Turns: 9182, Time: 00:12:46

Health: -3/92      AC: -2    Str: 26    XL:     12   Next: 4%
Magic:  13/13      EV:  9    Int: 15    God:    Ignis [**....]
Gold:   538        SH:  0    Dex: 17    Spells: 13/13 levels left

rFire   + . .        z - +1 broad axe
rCold   + . .        (no shield)
rNeg    . . .        S - +0 plate armour
rPois   .            x - +2 helmet
rElec   .            (no cloak)
rCorr   .            C - +0 pair of gloves
SInv    +            y - +0 pair of boots
Will    .....        t - amulet "Ciraa" {rC+ Regen+ Dex+2 SInv} Stlth
                     s - +6 ring of dexterity
HPRegen 1.15/turn    B - +6 ring of strength
MPRegen 0.13/turn

%: no teleportation
@: corroded, fiery-armoured
A: claws 1, repulsion field 1, ignite blood 2, powered by death 2
a: Renounce Religion, Fiery Armour, Foxfire Swarm, Rising Flame


You were in a Gauntlet.
You worshipped Ignis.
Ignis was pleased with you.
You visited 2 branches of the dungeon, and saw 13 of its levels.
You also visited: Gauntlet.

You collected 538 gold pieces.

Inventory:

Hand Weapons
 a - a -1 hand axe of flaming
 h - a +0 whip of draining
 q - a +0 short sword
 z - a +1 broad axe (weapon)
 G - a +0 war axe of protection
 J - a +4 war axe
Missiles
 f - 55 stones (quivered)
 j - 26 poisoned darts
 I - 5 datura-tipped darts
 N - 2 boomerangs
 T - a throwing net
Armour
 b - a +0 robe
 c - a +0 leather armour
 i - a +0 ring mail
 m - a +0 scale mail
 x - a +2 helmet (worn)
 y - a +0 pair of boots (worn)
 C - a +0 pair of gloves (worn)
 H - a +0 chain mail
 S - a +0 plate armour (worn)
 X - the +3 helmet "Miamel" {Harm Dex+3}
   (You found it in a Gauntlet)

   Dex:       It affects your dexterity (+3).
   Harm:      It increases damage dealt and taken.
Jewellery
 s - a +6 ring of dexterity (left hand)
 t - the amulet "Ciraa" (around neck) {rC+ Regen+ Dex+2 SInv}
   (You found it on level 3 of the Dungeon)

   [amulet of regeneration]

   Dex:       It affects your dexterity (+2).
   rC:        It protects you from cold.
   SInv:      It lets you see invisible.
   Regen:     It increases your rate of health regeneration.
 w - a +6 ring of intelligence
 B - a +6 ring of strength (right hand)
 O - a +6 ring of strength
Wands
 v - a wand of paralysis (16)
Scrolls
 d - 3 scrolls of amnesia
 o - 3 scrolls of teleportation
 u - a scroll of fear
 A - 5 scrolls of noise
 D - 4 scrolls of blinking
 L - 3 scrolls of vulnerability
 M - a scroll of enchant weapon
 U - a scroll of enchant armour
 V - 3 scrolls of immolation
 W - a scroll of identify
Potions
 e - 4 potions of mutation
 g - a potion of ambrosia {unknown}
 k - 2 potions of degeneration
 l - 2 potions of resistance
 n - 2 potions of attraction
 p - 5 potions of lignification
 r - 6 potions of curing
 E - a potion of magic
 F - 2 potions of flight
 K - a potion of might
 P - 3 potions of heal wounds
 Q - a potion of cancellation {unknown}
 R - 2 potions of haste {unknown}


   Skills:
 + Level 8.1 Fighting
 * Level 15.4 Axes
 + Level 6.7 Armour
 - Level 1.0 Spellcasting
 - Level 2.6 Fire Magic


You had 13 spell levels left.
You didn't know any spells.
Your spell library contained the following spells:

 Spells                   Type           Power      Damage    Failure   Level
 Scorch                   Fire           16%        2d5       82%         2
 Blink                    Tloc           0%         N/A       99%         2
 Lesser Beckoning         Tloc           0%         N/A       99%         2
 Momentum Strike          Conj/Tloc      0%         3d8       99%         2
 Ignite Poison            Fire/Tmut/Pois 3%         N/A       99%         3
 Ozocubu's Armour         Ice            0%         N/A       100%        3
 Tukima's Dance           Hex            0%         N/A       100%        3
 Vhi's Electric Charge    Tloc/Air       0%         N/A       100%        3
 Passage of Golubria      Tloc           0%         N/A       100%        4
 Sticky Flame             Conj/Fire      4%         2d3       100%        4
 Arcjolt                  Conj/Air       0%         1d10      100%        5
 Metabolic Englaciation   Hex/Ice        0%         N/A       100%        5
 Yara's Violent Unravell  Hex/Tmut       0%         3d3       100%        5
 Conjure Ball Lightning   Conj/Air       0%         3x3d6     100%        6
 Plasma Beam              Fire/Air       2%         2x1d13    100%        6
 Simulacrum               Ice/Necr       0%         N/A       100%        6
 Discord                  Hex            0%         N/A       100%        8
 Disjunction              Tloc           0%         N/A       100%        8
 Ignition                 Fire           4%         3d4       100%        8
 Maxwell's Capacitive Co  Air            0%         ∞         100%        8


Dungeon Overview and Level Annotations

Branches:
Dungeon (12/15)            Temple (0/1) D:7            Lair (1/5) D:9
    Orc (0/2) D:10        Gauntlet (1/1)

Altars:
Cheibriados
Gozag
Kikubaaqudgha
Makhleb
Nemelex Xobeh
Qazlal
Sif Muna
Yredelemnul

Annotations:
D:4 1 runed translucent door, gelatine's ghost, amateur DsWn
D:5 2 transporters, Chadd's ghost, novice HOMo
D:12 Frances; Gastronok Gauntlet 11 transporters


Innate Abilities, Weirdness & Mutations

You have sharp fingernails.
You are surrounded by a mild repulsion field. (EV +2)
Your demonic aura often causes spilled blood to erupt in flames.
You regenerate health from kills.


Message History

The rust devil is moderately wounded.
You hit the iron imp but do no damage. You closely miss the ufetubus.
You closely miss the ynoxinul. The ynoxinul gestures at you.
The iron shot hits you!! The iron imp barely misses you.
The rust devil hits you!
* * * LOW HITPOINT WARNING * * *
The rust devil corrodes you!
You take 31 damage, and have 26/92 hp.
MASSIVE DAMAGE!!
You closely miss the rust devil.
The rust devil is moderately wounded.
You hit the ynoxinul but do no damage. You closely miss the iron imp. x2
The ynoxinul misses you. The rust devil hits you.
* * * LOW HITPOINT WARNING * * *
The rust devil corrodes you!
You take 4 damage, and have 22/92 hp.
A protective cloak of flame settles atop you.
The iron imp closely misses you.
The ynoxinul gestures.
The rust devil hits you.
* * * LOW HITPOINT WARNING * * *
The rust devil corrodes you!
The rust devil completely resists.
You take 1 damage, and have 21/92 hp.
You hit the rust devil.
The rust devil is moderately wounded.
You hit the ynoxinul but do no damage.
You hit the iron imp but do no damage. x2
The iron imp closely misses you. The iron imp hits you!
* * * LOW HITPOINT WARNING * * *
The iron imp completely resists.
You take 9 damage, and have 12/92 hp.
You completely miss the rust devil.
The rust devil is moderately wounded.
You barely miss the ynoxinul.
The iron imp shouts!
You hit the iron imp but do no damage. x2; The ynoxinul hits you.
* * * LOW HITPOINT WARNING * * *
The ynoxinul is burned by your cloak of flames.
The ynoxinul is almost dead.
The rust devil hits you!
You die...

#§§©#..#©#?©#©©#.#
##§.#.#5.#?5####.#
#≈..#5#...###..#G.
######..#35##...#..#GG
##≈#≈#≈..#########..###
##..§§§.∩...............
#≈.∩....................
##..###########..#######
#≈..#53@45..^.#..#...#.#
##..#5#55..^#.#..#Y.#...
#≈..#.5##.##.$#..#.##...
##..#..##.##..#####..#.#
#≈.©#..#^©.#.©#©©#....©.
##..#..##.##..#####..#.#
#≈..#..##.##4.#..#9##..Y
##..#.#....5#.#..#..#...
#≈..#.....§...#..#...#.#


You could see a rust devil, 2 ynoxinuls, 5 iron imps and 4 ufetubi.

Vanquished Creatures
  A two-headed ogre (D:11)
  A boulder beetle (D:12)
  3 death yaks (D:9)
  A manticore (D:11)
  A cyclops (D:11)
  A black mamba (Lair:1)
  A cane toad (Lair:1)
  Joseph (D:10)
  Maggie (D:8)
  3 trolls
  A hornet (D:7)
  3 shadows
  A wraith (D:12)
  23 yaks
  A basilisk (D:11)
  3 steam dragons
  2 vampire mosquitoes (D:11)
  2 acid dragons
  6 water moccasins
  4 black bears
  2 orc warriors
  An ice beast (D:7)
  3 sky beasts
  5 ogres
  3 wolves (Lair:1)
  4 centaurs
  A kobold brigand (D:9)
  5 bullfrogs
  2 gnoll sergeants
  22 wights
  10 killer bees (D:8)
  3 jellies
  5 hounds
  2 orc priests (D:7)
  A gnoll bouda (D:7)
  An iron imp (Gauntlet)
  5 orc wizards
  A sleepcap (D:4)
  An iguana (D:4)
  2 adders
  17 gnolls
  2 shadow imps (D:7)
  A white imp (D:4)
  2 ufetubi
  A worm (D:3)
  2 dart slugs
  13 orcs
  8 bats
  5 endoplasms
  2 giant cockroaches
  4 hobgoblins
  2 jackals (D:3)
  3 quokkas
  7 ball pythons
  2 frilled lizards (D:1)
  3 goblins
  14 kobolds
  5 rats
232 creatures vanquished.

Vanquished Creatures (others)
  An orc (D:7)
1 creature vanquished.

Grand Total: 233 creatures vanquished

Notes
Turn   | Place    | Note
-------+----------+-------------------------------------------
     0 | D:1      | jasper the Demonspawn Cinder Acolyte began the quest for
                  | the Orb.
     0 | D:1      | Reached XP level 1. HP: 18/18 MP: 2/2
    83 | D:1      | Reached skill level 3 in Axes
   171 | D:1      | Gained mutation: Your demonic aura sometimes causes spilled
                  | blood to erupt in flames. [demonic ancestry]
   171 | D:1      | Reached XP level 2. HP: 24/24 MP: 3/3
   844 | D:2      | Reached XP level 3. HP: 29/29 MP: 4/4
   939 | D:2      | Found an opulent altar of Gozag.
  1059 | D:2      | Reached skill level 4 in Axes
  2537 | D:3      | Identified the amulet "Ciraa" {rC+ Regen+ Dex+2 SInv}
  2607 | D:4      | Noticed an ogre
  2617 | D:4      | Killed an ogre
  2618 | D:4      | Reached skill level 5 in Axes
  2618 | D:4      | Reached XP level 4. HP: 8/35 MP: 5/5
  2618 | D:4      | Gained mutation: Your demonic aura often causes spilled
                  | blood to erupt in flames. [demonic ancestry]
  2618 | D:4      | Reached XP level 5. HP: 9/41 MP: 6/6
  2814 | D:4      | Noticed an ogre
  2822 | D:4      | Killed an ogre
  2823 | D:4      | Reached skill level 6 in Axes
  2916 | D:4      | Gained mutation: You regenerate a little health from kills.
                  | [demonic ancestry]
  2916 | D:4      | Reached XP level 6. HP: 31/47 MP: 7/7
  3035 | D:4      | Found a runed translucent door.
  3035 | D:4      | Noticed gelatine's ghost (amateur DsWn)
  3220 | D:5      | Entered Level 5 of the Dungeon
  3294 | D:5      | Identified the +8 great mace "Hiotoe" {freeze, Dex+2}
  3295 | D:5      | Noticed Chadd's ghost (novice HOMo)
  3296 | D:5      | Found a transporter.
  3297 | D:5      | Found a transporter.
  3483 | D:5      | Noticed an acid dragon
  3489 | D:5      | Reached skill level 7 in Axes
  3500 | D:5      | Gained mutation: You regenerate health from kills. [demonic
                  | ancestry]
  3500 | D:5      | Reached XP level 7. HP: 33/52 MP: 8/8
  3549 | D:5      | Reached skill level 8 in Axes
  4013 | D:5      | Found a stormy altar of Qazlal.
  4013 | D:5      | Found a snail-covered altar of Cheibriados.
  4013 | D:5      | Found a sparkling altar of Nemelex Xobeh.
  4013 | D:5      | Found an ancient bone altar of Kikubaaqudgha.
  4030 | D:5      | Reached skill level 9 in Axes
  4030 | D:5      | Gained mutation: You are surrounded by a mild repulsion
                  | field. (EV +2) [demonic ancestry]
  4030 | D:5      | Reached XP level 8. HP: 51/58 MP: 9/9
  4036 | D:5      | Found a shimmering blue altar of Sif Muna.
  4302 | D:6      | Reached skill level 10 in Axes
  4429 | D:7      | Noticed a hornet
  4437 | D:7      | Killed a hornet
  4468 | D:7      | Reached skill level 11 in Axes
  4563 | D:7      | Reached XP level 9. HP: 63/63 MP: 10/10
  4727 | D:7      | Reached skill level 12 in Axes
  4751 | D:7      | Found a staircase to the Ecumenical Temple.
  5123 | D:7      | Found a burning altar of Makhleb.
  5444 | D:8      | Noticed Maggie
  5454 | D:8      | Killed Maggie
  5455 | D:8      | Reached skill level 1 in Armour
  5559 | D:8      | Noticed a centaur warrior
  5559 | D:8      | Noticed a centaur warrior
  5559 | D:8      | Noticed a cyan ugly thing
  5571 | D:8      | Noticed a tengu warrior
  5624 | D:8      | Gained mutation: You have sharp fingernails. [demonic
                  | ancestry]
  5624 | D:8      | Reached XP level 10. HP: 66/72 MP: 11/11
  5696 | D:8      | Reached skill level 13 in Axes
  6053 | D:8      | Noticed a gargoyle
  6196 | D:9      | Found a basalt altar of Yredelemnul.
  6231 | D:9      | Noticed a death yak
  6236 | D:9      | Noticed a death yak
  6237 | D:9      | Found a staircase to the Lair.
  6237 | D:9      | Noticed a death yak
  6247 | D:9      | Killed a death yak
  6248 | D:9      | Reached skill level 5 in Fighting
  6256 | D:9      | Killed a death yak
  6259 | D:9      | Killed a death yak
  6271 | D:9      | Reached skill level 14 in Axes
  6272 | D:9      | Reached XP level 11. HP: 48/81 MP: 12/12
  6334 | D:9      | Reached skill level 5 in Armour
  6962 | D:10     | Entered Level 10 of the Dungeon
  7439 | D:10     | Noticed Joseph
  7449 | D:10     | Killed Joseph
  7497 | D:10     | Found a staircase to the Orcish Mines.
  8247 | D:11     | Noticed a two-headed ogre
  8257 | D:11     | Killed a two-headed ogre
  8258 | D:11     | Reached skill level 15 in Axes
  8481 | D:12     | Noticed a boulder beetle
  8491 | D:12     | Killed a boulder beetle
  8664 | D:12     | Noticed Gastronok
  8684 | D:12     | Noticed Frances
  8780 | Lair:1   | Entered Level 1 of the Lair of Beasts
  8938 | Lair:1   | Reached XP level 12. HP: 76/92 MP: 13/13
  8967 | Lair:1   | Found a gate leading to a gauntlet.
  8987 | Gauntlet | Entered a Gauntlet
  8987 | Gauntlet | Found a transporter.
  8987 | Gauntlet | Found a transporter.
  8987 | Gauntlet | Found a transporter.
  8997 | Gauntlet | Found a transporter.
  9000 | Gauntlet | Found a transporter.
  9011 | Gauntlet | Found a transporter.
  9011 | Gauntlet | Found a transporter.
  9018 | Gauntlet | Found the +13 scythe of Curses {drain, curses, Drain}
  9019 | Gauntlet | Found a transporter.
  9021 | Gauntlet | Noticed a blizzard demon
  9036 | Gauntlet | Noticed a dire elephant
  9037 | Gauntlet | Found a transporter.
  9054 | Gauntlet | Found a transporter.
  9057 | Gauntlet | Found a transporter.
  9067 | Gauntlet | Found a transporter.
  9072 | Gauntlet | Noticed a catoblepas
  9157 | Gauntlet | Identified the +3 helmet "Miamel" {Harm Dex+3}
  9182 | Gauntlet | Slain by a rust devil

Illustrated notes

Levels and vault maps discovered:
D:1:      wander_arrival_peaceful_grave, layout_basic, hangedman_decor_points
D:2:      layout_basic, basic_altar, kennysheep_generic_room_9
D:3:      layout_basic
D:4:      layout_rooms, gammafunk_ghost_grave, eino_curves_01
D:5:      layout_loops_ring, minmay_overflow_temple_hex, gammafunk_ghost_smash
D:6:      layout_basic, gup_sewer_entry_bubbles, ebering_ghost_sewer_f,
          centaur_isle
D:7:      layout_loops_ring, makhleb_heckhound_becter, temple_statues,
          grunt_decor_junction, minivault_19
D:8:      layout_loops_ring, minivault_12, uniq_maggie
D:9:      layout_basic, kennysheep_ying_yang, dpeg_lair_monsters
D:10:     layout_basic, orc_0_dummy, uniq_joseph
D:11:     layout_gridville
D:12:     layout_gridville, uniq_gastronok, uniq_frances
Lair:1:   layout_hall_layers, gauntlet_entry_generic, patterned_corridor,
          grunt_megastairs_1, uniq_grum
Gauntlet: minmay_gauntlet_mixed_big_or_small [nicolae_gauntlet_arena_blocks,
          minmay_gauntlet_arena_77_squiggly, gammafunk_gauntlet_arena_chambers,
          minmay_gauntlet_arena_77_box, gammafunk_gauntlet_arena_mazey,
          minmay_gauntlet_arena_77_tiled_triplets,
          nicolae_gauntlet_exit_dead_adventurers]

Skill      XL: |  1  2  3  4  5  6  7  8  9 10 11 |
---------------+----------------------------------+-----
Axes           | 3 5 6 7 9 11 12 14 15 | 15.4
Armour         | 2 4 6 |  6.7
Fighting       | 4 6 8 |  8.1
Spellcasting   | |  1.0
Fire Magic     | |  2.6

Action                     |  1- 3 |  4- 6 |  7- 9 | 10-12 || total
---------------------------+-------+-------+-------+-------++-------
  Melee: Hand axe          |   149 |    79 |    74 |       ||   302
         Punch             |     1 |     2 |     2 |     2 ||     7
         War axe           |       |       |    95 |       ||    95
         Unarmed           |       |       |     1 |       ||     1
         Broad axe         |       |       |    19 |   313 ||   332
  Throw: Stone             |     7 |     5 |     2 |       ||    14
         Dart              |     3 |       |       |       ||     3
 Invoke: Fiery Armour      |     2 |     2 |     4 |     2 ||    10
  Evoke: Wand              |       |       |     7 |     5 ||    12
    Use: Scroll            |     8 |       |     8 |     7 ||    23
         Potion            |       |       |       |     1 ||     1
   Stab: Paralysed         |       |       |       |     5 ||     5
 Armour: Leather armour    |     9 |       |       |       ||     9
         Robe              |     1 |       |       |       ||     1
         Ring mail         |    25 |       |       |       ||    25
         Scale mail        |    17 |    30 |    46 |       ||    93
         Chain mail        |       |       |    70 |    91 ||   161
         Skin              |       |       |     1 |       ||     1
         Plate armour      |       |       |       |    92 ||    92
  Dodge: Dodged            |   106 |    41 |   126 |   164 ||   437
